 Dungeon Crawl Stone Soup version 0.28-a0-664-gc179e30c89 (webtiles) character file.

Game seed: 14226819388452637349

74 ytrimaz the Ducker (level 4, 0/31 HPs)
             Began as an Octopode Fighter on Oct 16, 2021.
             Slain by an orc (9 damage)
             ... on level 2 of the Dungeon.
             The game lasted 00:03:16 (2352 turns).

ytrimaz the Ducker (Octopode Fighter)               Turns: 2352, Time: 00:03:16

Health: 0/31       AC:  1    Str: 15    XL:     4   Next: 28%
Magic:  4/4        EV: 14    Int: 10    God:
Gold:   90         SH:  5    Dex: 12    Spells: 3/3 levels left

rFire   . . .      SeeInvis .   a - +0 rapier
rCold   . . .      Faith    .   b - +0 buckler
rNeg    . . .      Spirit   .   (helmet restricted)
rPois   +          Reflect  .   (no amulet)
rElec   .          Harm     .   h - ring of poison resistance
rCorr   .          Rampage  .   (no ring)
Will    .....                   (no ring)
Stlth   ++........              (no ring)
HPRegen 0.10/turn               (no ring)
MPRegen 0.09/turn               (no ring)
                                (no ring)
                                (no ring)

@: mighty
A: almost no armour, amphibious, 8 rings, camouflage 1, gelatinous body 1,
(nimble swimmer 1), tentacles
a: no special abilities


You were on level 2 of the Dungeon.
You visited 1 branch of the dungeon, and saw 3 of its levels.

You collected 90 gold pieces.

Inventory:

Hand Weapons
 a - a +0 rapier (weapon)
Armour
 b - a +0 buckler (worn)
Jewellery
 h - a ring of poison resistance (left tentacle)
Scrolls
 f - a scroll of magic mapping {unknown}
 g - a scroll of enchant armour {unknown}
 i - a scroll of vulnerability {unknown}
 k - a scroll of summoning {unknown}
 l - a scroll of blinking {unknown}
Potions
 d - a potion of ambrosia {unknown}
 e - a potion of haste {unknown}
 j - a potion of curing {unknown}
 m - 3 potions of attraction {unknown}
 n - a potion of resistance {unknown}


   Skills:
 + Level 3.4 Fighting
 - Level 2.0 Short Blades
 * Level 3.9 Dodging
 * Level 3.9 Shields


You had 3 spell levels left.
You didn't know any spells.
Your spell library was empty.

Dungeon Overview and Level Annotations

Branches:
Dungeon (3/15)

Altars:
Fedhas
Gozag

Shops:
D:2 *

Annotations:
D:2 1 runed translucent door, Crazy Yiuf


Innate Abilities, Weirdness & Mutations

You cannot wear most types of armour.
You are amphibious.
You can wear up to eight rings at the same time.
Your skin changes colour to match your surroundings (Stealth+).
Your rubbery body absorbs attacks. (AC +1, EV +1)
((You are camouflaged near water. (Stealth+)))
You have tentacles for arms and can constrict up to eight enemies at once.


Message History

There is a stone staircase leading up here.
You closely miss the hobgoblin. Your grab misses the hobgoblin.
The hobgoblin barely misses you.
You puncture the hobgoblin!
You kill the hobgoblin!
The orc hits you with a +0 short sword.
Unknown command.
You barely miss the orc. Your grab misses the orc.
The orc hits you with a +0 short sword.
You closely miss the orc.
The orc priest shouts!
Your grab misses the orc. You block the orc's attack.
You hit the orc but do no damage. Your grab misses the orc.
The orc barely misses you. The orc closely misses you.
Unknown command.
The orc misses you. x2
You climb upwards.
Level annotation: 1 runed translucent door, Crazy Yiuf
There is a stone staircase leading down here.
Unknown command.
You hit the orc. Your grab misses the orc.
The orc is lightly wounded.
The orc closely misses you. The orc hits you with a +0 flail!
The orc hits you with a +0 short sword.
You hit the orc but do no damage. You grab the orc.
The orc is lightly wounded.
You constrict the orc. The orc barely misses you.
The orc hits you with a +0 short sword.
* * * LOW HITPOINT WARNING * * *
Unknown command.
You feel very mighty all of a sudden.
You constrict the orc. The orc closely misses you.
The orc hits you but does no damage.
You puncture the orc!
You kill the orc!
The orc misses you.
Unknown command.
You completely miss the orc. You grab the orc. You constrict the orc.
The orc hits you with a +0 flail!
You die...

#.........# ##.
#.........# ##.
#.......######..
#............#.#
#######...............
#.......####..........
#.......# ##..........
#.......###...........
#...o@..##..#.........
#.....).##.##.........
#######.....#.........
##..............
##...##.[.......
###..#.##.........
#...##.##.########
#.####.......# #.#
#...###.##


You could see an orc.

Vanquished Creatures
  An orc (D:2)
  7 endoplasms
  A giant cockroach (D:2)
  4 goblins
  8 hobgoblins
  4 jackals (D:2)
  3 quokkas
  9 ball pythons
  7 bats
  5 frilled lizards
  6 kobolds
  8 rats
63 creatures vanquished.

Notes
Turn   | Place    | Note
-------+----------+-------------------------------------------
     0 | D:1      | ytrimaz the Octopode Fighter began the quest for the Orb.
     0 | D:1      | Reached XP level 1. HP: 16/16 MP: 1/1
   213 | D:1      | Reached XP level 2. HP: 19/21 MP: 2/2
   624 | D:1      | Reached XP level 3. HP: 25/26 MP: 3/3
   781 | D:1      | You fall into a shaft and drop 1 floor!
  1304 | D:2      | Found Qaleusch's Assorted Antiques.
  1708 | D:2      | Found a runed translucent door.
  1709 | D:2      | Noticed Crazy Yiuf
  1746 | D:1      | Reached XP level 4. HP: 29/31 MP: 4/4
  2224 | D:3      | Found an opulent altar of Gozag.
  2334 | D:3      | Found a blossoming altar of Fedhas.
  2352 | D:2      | Slain by an orc

Illustrated notes

Levels and vault maps discovered:
D:1:      giann_horns, layout_basic, amcnicky_mini_corridor_feature
D:2:      layout_rooms, serial_shops, shop, uniq_crazy_yiuf_cottage
D:3:      minmay_chambers_of_twos, layout_rooms,
          mainiacjoe_overflow_six_doors_small, lemuel_round_altar,
          fedhas_altar_2, mainiacjoe_overflow_alcove_4

Action                   |  1- 3 |  4- 6 || total
-------------------------+-------+-------++-------
Melee: Rapier            |    93 |    26 ||   119
       Constrict         |    24 |     6 ||    30
       Tentacles         |    15 |       ||    15
  Use: Potion            |       |     1 ||     1
 Stab: Sleeping          |     4 |     2 ||     6
Armor: Skin              |    10 |     2 ||    12
Dodge: Dodged            |    88 |    21 ||   109
Block: Buckler           |    26 |     3 ||    29

Table legend: (Time is in decaauts)
 A = Elapsed time spent in this place.
 B = Non-inter-level travel time spent in this place.
 C = Inter-level travel time spent in this place.
 D = Time resting spent in this place.
 E = Time spent auto-exploring this place.
 F = Levels seen in this place.
 G = Mean time per level.
                   A        B        C        D        E       F      G
               +--------+--------+--------+--------+--------+-----+--------+
         Total |   2366 |   2278 |     88 |    385 |   1392 |   3 |  788.7 |
       Dungeon |   2366 |   2278 |     88 |    385 |   1392 |   3 |  788.7 |
               +--------+--------+--------+--------+--------+-----+--------+

Top non-repeatable levels by time:
     D:1: 1216 daAuts
     D:2: 1040 daAuts
     D:3: 109 daAuts
